 Dungeon Crawl Stone Soup version 0.21-a0-88-g13b9641 (webtiles) character file.

1696 nikopol the Thaumaturge (level 8, -5/41 HPs)
             Began as a Deep Elf Fire Elementalist on June 27, 2017.
             Was an Initiate of Vehumet.
             Shot with an arrow by a centaur (6 damage)
             ... on level 5 of the Dungeon.
             The game lasted 00:22:08 (5046 turns).

nikopol the Thaumaturge (DEFE)                      Turns: 5046, Time: 00:22:09

Health: -5/41      AC:  3    Str:  5    XL:     8   Next: 72%
Magic:  15/23      EV: 13    Int: 23    God:    Vehumet [......]
Gold:   102        SH:  0    Dex: 15    Spells: 14/25 levels left

rFire    . . .     SeeInvis .   x - staff of wizardry
rCold    . . .     Gourm    .   (no shield)
rNeg     . . .     Faith    .   a - +0 robe
rPois    .         Spirit   .   (no helmet)
rElec    .         Reflect  .   (no cloak)
rCorr    .         Harm     .   (no gloves)
MR       .....                  o - +0 pair of boots
Stlth    +++.......             (no amulet)
HPRegen  0.13/turn              (no ring)
MPRegen  0.18/turn              (no ring)

@: no status effects
A: no striking features
a: Renounce Religion


You were on level 5 of the Dungeon.
You worshipped Vehumet.
Vehumet was noncommittal.
You were not hungry.

You visited 2 branches of the dungeon, and saw 6 of its levels.
You also visited: Sewer.

You collected 102 gold pieces.

Inventory:

Hand Weapons
 f - a +0 dagger
 s - a +1 short sword of freezing
Armour
 a - a +0 robe (worn)
 o - a +0 pair of boots (worn)
Magical Staves
 x - an uncursed staff of wizardry (weapon)
Wands
 A - a wand of digging (5/24)
 B - a wand of polymorph (3/24)
Scrolls
 d - 2 scrolls of fear
 e - a scroll of random uselessness
 g - 3 scrolls of remove curse
 h - 2 scrolls of teleportation
 m - 2 scrolls of identify
 q - a scroll of fog
 t - a scroll of magic mapping
 u - 2 scrolls of blinking {unknown}
 y - a scroll of enchant armour {unknown}
Potions
 i - a potion of haste {unknown}
 j - 2 potions of heal wounds {unknown}
 k - a potion of berserk rage {unknown}
 n - a potion of ambrosia {unknown}
 p - 2 potions of curing
 r - a potion of brilliance {unknown}
 v - a potion of lignification {unknown}
 z - 2 potions of degeneration {unknown}
Books
 b - a book of Flames

   Spells                             Type                      Level
   a - Flame Tongue                   Conjuration/Fire             1
   b - Throw Flame                    Conjuration/Fire             2
   c - Conjure Flame                  Conjuration/Fire             3
   d - Inner Flame                    Hexes/Fire                   3
   e - Sticky Flame                   Conjuration/Fire             4
   f - Fireball                       Conjuration/Fire             5
Comestibles
 c - 5 bread rations
 l - 2 royal jellies
 w - a meat ration


   Skills:
 + Level 0.2 Fighting
 + Level 0.8 Staves
 + Level 3.2 Dodging
 + Level 3.9 Stealth
 + Level 9.1 Spellcasting
 + Level 5.8 Conjurations
 + Level 7.8 Fire Magic


You had 14 spell levels left.
You knew the following spells:

 Your Spells              Type           Power        Failure   Level  Hunger
a - Flame Tongue          Conj/Fire      #####        1%          1    None
b - Throw Flame           Conj/Fire      #####.       1%          2    None
c - Conjure Flame         Conj/Fire      #####...     1%          3    None
d - Fireball              Conj/Fire      #####.....   4%          5    ####...


Dungeon Overview and Level Annotations

Branches:
Dungeon (5/15)             Temple (1/1) D:4

Altars:
Ashenzari
Cheibriados
Elyvilon
Fedhas
Gozag
Kikubaaqudgha
Makhleb
Okawaru
Qazlal
Ru
Sif Muna
Uskayaw
Vehumet
Wu Jian
Xom
Yredelemnul
Zin
The Shining One

Annotations:
D:5 Celandrion's ghost, novice NaTm


Message History

The centaur shoots an arrow.
The arrow hits you.
* * * LOW HITPOINT WARNING * * *
Casting: Flame Tongue
Confirm with . or Enter, or press ? or * to list all spells.
Aiming: Flame Tongue
Press: ? - help, Shift-Dir - straight line, f/p - centaur
Aim: a centaur, wielding a shortbow (heavily wounded)
The flame tongue hits the centaur.
The centaur is heavily wounded.
The centaur shoots an arrow.
The arrow hits you!
* * * LOW HITPOINT WARNING * * *
Casting: Flame Tongue
Confirm with . or Enter, or press ? or * to list all spells.
Aiming: Fireball
Press: ? - help, Shift-Dir - straight line, f/p - centaur
Aim: a centaur, wielding a shortbow (heavily wounded)
The fireball explodes!
The fireball engulfs the centaur.
The centaur is almost dead.
The centaur shoots an arrow.
The arrow hits you.
You die...

.#***,,*,,,,,,,,,,,,*,********
.# *,,***,*,,,,,,*,*....,,,,*
.#***,,* *,*,,,,,,*,#....,,,,*
.#*<,,,* *,******,,......,,,,*
.###******,* ***.#...,,,,,*
...# #.....########...#*******
.#.###.....##.........###**
.#.)##.....##.#..(.......,*
.##.##.....##.c.@........,*
.....#.....##.#..........,*
.....#.....##.#..........,*
..?.(#.....##c#..........,*
...........##.###########**
........(.c...#
.....†###..#### ......# #...#
*********
......#*##..#****,,,,,,,*


You could see a centaur.

Vanquished Creatures
  Pikel (D:4)
  Sigmund (D:4)
  Edmund (D:4)
  An ogre (D:5)
  2 sky beasts
  2 slaves (D:4)
  A centaur (D:4)
  3 big kobolds (Sewer)
  A scorpion (D:4)
  2 orc priests (D:3)
  Jessica (D:3)
  2 iguanas
  2 worker ants
  5 adders
  2 river rats (Sewer)
  6 oozes (Sewer)
  An adder skeleton (D:4)
  5 worms
  3 dart slugs
  7 leopard geckos
  8 orcs
  5 bats
  6 giant cockroaches
  8 goblins
  6 hobgoblins
  2 jackals (D:2)
  8 kobolds
  3 quokkas
  7 ball pythons
  4 frilled lizards
  A giant cockroach zombie (D:5)
  9 rats
116 creatures vanquished.

Vanquished Creatures (others)
  A slave (D:4)
  A worker ant (D:4)
  A howler monkey skeleton (D:5)
3 creatures vanquished.

Grand Total: 119 creatures vanquished

Notes
Turn   | Place    | Note
-------+----------+-------------------------------------------
     0 | D:1      | nikopol the Deep Elf Fire Elementalist began the quest for the Orb.
     0 | D:1      | Reached XP level 1. HP: 10/10 MP: 6/6
   232 | D:1      | Reached XP level 2. HP: 15/15 MP: 6/8
   236 | D:1      | Learned a level 2 spell: Throw Flame
   829 | D:2      | Found an iron altar of Okawaru.
   831 | D:2      | Reached XP level 3. HP: 19/19 MP: 6/9
   895 | D:2      | Found a sacrificial altar of Ru.
   957 | D:2      | Found a shattered altar of Ashenzari.
   968 | D:2      | Found a hide-covered altar of Uskayaw.
   972 | D:2      | Noticed a hand axe
   972 | D:2      | Noticed a dagger
  1003 | D:2      | Found a white marble altar of Elyvilon.
  1063 | D:2      | Learned a level 3 spell: Conjure Flame
  1122 | D:2      | Found a burning altar of Makhleb.
  1429 | D:2      | Found an ornate altar of the Wu Jian Council.
  1550 | D:3      | Found an opulent altar of Gozag.
  1897 | D:3      | Reached XP level 4. HP: 24/24 MP: 9/11
  1993 | D:3      | Reached skill level 4 in Spellcasting
  2031 | D:3      | Noticed Jessica
  2032 | D:3      | Killed Jessica
  2032 | D:3      | Reached XP level 5. HP: 28/28 MP: 5/13
  2099 | D:3      | Learned a level 5 spell: Fireball
  2413 | D:4      | Found a glowing drain.
  2421 | Sewer    | Entered a sewer
  2475 | Sewer    | Reached skill level 5 in Fire Magic
  2841 | Sewer    | Reached skill level 5 in Spellcasting
  2888 | Sewer    | Reached XP level 6. HP: 32/32 MP: 11/15
  3390 | D:4      | Noticed Sigmund
  3423 | D:4      | Reached skill level 6 in Spellcasting
  3482 | D:4      | Reached XP level 7. HP: 16/36 MP: 9/18
  3725 | D:4      | Found a staircase to the Ecumenical Temple.
  3735 | Temple   | Entered the Ecumenical Temple
  3755 | Temple   | Became a worshipper of Vehumet
  3811 | D:4      | Noticed Pikel
  4170 | D:4      | Killed Pikel
  4170 | D:4      | Reached skill level 7 in Spellcasting
  4170 | D:4      | Reached skill level 5 in Conjurations
  4170 | D:4      | Reached XP level 8. HP: 41/41 MP: 4/21
  4424 | D:4      | Reached skill level 8 in Spellcasting
  4475 | D:4      | Killed Sigmund
  4512 | D:4      | Noticed Edmund
  4605 | D:4      | Killed Edmund
  4729 | D:5      | Entered Level 5 of the Dungeon
  4779 | D:5      | Reached skill level 9 in Spellcasting
  4795 | D:5      | Noticed Celandrion's ghost (novice NaTm)
  5045 | D:5      | HP: 1/41 [centaur/arrow (9)]
  5046 | D:5      | Shot with an arrow by a centaur

Vault maps used:
D:1:      matt_arrival_diagonals, st_stairs_12
D:2:      lemuel_coloured_pillars_altar, old_standard_altar,
          hangedman_ru_absence, dancing_weapons_uskayaw, lemuel_round_altar,
          elyvilon_altar_5, kennysheep_okawaru_gauntlet
D:3:      grunt_gozag_breadcrumbs, first_bread, uniq_jessica
D:4:      minmay_temple_entry_junction, gup_sewer_entry_bubbles,
          sigmund_edmund_badplayer, uniq_pikel
D:5:      kennysheep_windowed_halls, enter_ossuary_5, minmay_misc_feat_square,
          corexii_corridor_pit, uniq_eustachio
Temple:   minmay_temple_bridge_abc
Sewer:    sewer_co_tree

Skill      XL: |  1  2  3  4  5  6  7  8 |
---------------+-------------------------+-----
Fire Magic     | 4 5 6 7 |  7.8
Conjurations   | 2 3 4 5 |  5.8
Spellcasting   | 4 5 6 7 9 |  9.1
Dodging        | 3 |  3.2
Stealth        | 3 |  3.9
Fighting       | |  0.2
Staves         | |  0.8

Action                   |  1- 3 |  4- 6 |  7- 9 || total
-------------------------+-------+-------+-------++-------
Melee: Staff             |     1 |       |       ||     1
 Cast: Flame Tongue      |    81 |    50 |    76 ||   207
       Throw Flame       |       |    29 |     9 ||    38
       Conjure Flame     |       |       |     8 ||     8
       Fireball          |       |       |     2 ||     2
  Use: Scroll            |       |     8 |     1 ||     9
  Eat: Chunk             |     3 |     5 |     5 ||    13
Armor: Robe              |     3 |     2 |     1 ||     6
Dodge: Dodged            |    17 |    13 |    10 ||    40
